 Dungeon Crawl Stone Soup version 0.30-b1-2-g02819fbbbe (webtiles) character file.

Game seed: 11230402026283305098

6824 trontxu the Protected (level 10, -2/90 HPs)
             Began as a Minotaur Fighter on Sept 28, 2023.
             Was an Initiate of Gozag.
             Slain by a yak (7 damage)
             ... on level 9 of the Dungeon.
             The game lasted 00:37:13 (10324 turns).

trontxu the Protected (Minotaur Fighter)           Turns: 10324, Time: 00:37:13

Health: -2/90      AC: 16    Str: 24    XL:     10   Next: 77%
Magic:  9/9        EV: 11    Int:  5    God:    Gozag
Gold:   1260       SH:  5    Dex: 11    Spells: 9/9 levels left

rFire   + . .        L - +5 long sword
rCold   + . .        c - +0 buckler
rNeg    . . .        b - +2 scale mail
rPois   +            (helmet restricted)
rElec   +            (no cloak)
rCorr   +            f - +0 pair of gloves
SInv    .            (no boots)
Will    .....        (no amulet) Stlth
                     Q - +4 ring of protection
HPRegen 0.35/turn    (no ring)
MPRegen 0.11/turn

%: no passive effects
@: resistant, gold aura
A: horns 2, retaliatory headbutt
a: Renounce Religion, Potion Petition, Call Merchant, Bribe Branch


You were on level 9 of the Dungeon.
You worshipped Gozag.
Gozag was most pleased with you.
You visited 2 branches of the dungeon, and saw 10 of its levels.
You also visited: Sewer.

You collected 1542 gold pieces.
You spent 188 gold pieces at shops.
You paid 94 gold pieces to Gozag.

Inventory:

Hand Weapons
 a - a +0 war axe
 i - a +2 dagger of holy wrath
 p - the +1 sling of Uskayaw's Castigation {drain, rElec rPois Str+3 Dex+4}
   (You found it on level 3 of the Dungeon)

   Str:       It affects your strength (+3).
   Dex:       It affects your dexterity (+4).
   rElec:     It insulates you from electricity.
   rPois:     It protects you from poison.
 q - a +1 dagger of venom
 s - a +3 heavy falchion
 v - a +4 short sword
 y - a +0 hand axe
 C - a +2 whip of electrocution
 F - a +2 dagger of flaming
 I - a +0 whip of venom
 K - a +0 war axe of electrocution
 L - a +5 long sword (weapon)
 S - a +4 dagger
 T - a +3 dagger of freezing
 V - a +3 long sword of freezing
Missiles
 d - 3 throwing nets
 o - 18 poisoned darts (quivered)
 J - 13 stones
 O - a curare-tipped dart
Armour
 b - a +2 scale mail (worn)
 c - a +0 buckler (worn)
 f - a +0 pair of gloves (worn)
 h - an orb of guile
 k - a +2 robe
 D - a +2 robe of the Archmagi
Jewellery
 Q - a +4 ring of protection (left hand)
 R - a ring of fire
Wands
 G - a wand of charming (6)
 H - a wand of flame (17)
 X - a wand of acid (2)
Scrolls
 n - 3 scrolls of immolation
 r - a scroll of noise {unknown}
 u - 2 scrolls of enchant weapon {unknown}
 w - a scroll of teleportation {unknown}
 E - 2 scrolls of poison {unknown}
 M - a scroll of enchant armour
 N - 3 scrolls of identify
 P - a scroll of blinking {unknown}
Potions
 g - 2 potions of lignification
 j - 2 potions of attraction {unknown}
 l - 2 potions of berserk rage {unknown}
 m - a potion of magic {unknown}
 t - 3 potions of mutation {unknown}
 x - a potion of flight {unknown}
 z - 3 potions of cancellation {unknown}
 A - a potion of ambrosia {unknown}
 B - 6 potions of curing


   Skills:
 + Level 8.4 Fighting
 + Level 7.4(9.1) Short Blades
 * Level 8.7(10.2) Long Blades
 + Level 8.3 Axes
 + Level 9.7 Armour
 + Level 3.8 Dodging
 + Level 1.2 Stealth
 + Level 5.9 Shields


You had 9 spell levels left.
You didn't know any spells.
Your spell library contained the following spells:

 Spells                   Type           Power      Damage    Failure   Level
 Magic Dart               Conj           0%         1d3       78%         1
 Necrotise                Necr           0%         1d4       78%         1
 Sandblast                Erth           0%         2d4       78%         1
 Call Imp                 Summ           0%         N/A       89%         2
 Passwall                 Tmut/Erth      0%         N/A       89%         2
 Call Canine Familiar     Summ           0%         N/A       98%         3
 Mephitic Cloud           Conj/Pois/Air  0%         N/A       98%         3
 Portal Projectile        Hex/Tloc       0%         N/A       98%         3
 Stone Arrow              Conj/Erth      0%         3d7       98%         3
 Vampiric Draining        Necr           0%         2d6       98%         3
 Leda's Liquefaction      Hex/Erth       0%         N/A       100%        4
 Agony                    Necr           0%         N/A       100%        5
 Summon Forest            Summ/Tloc      0%         N/A       100%        5
 Eringya's Noxious Bog    Tmut/Pois      0%         N/A       100%        6
 Summon Hydra             Summ           0%         N/A       100%        7


Dungeon Overview and Level Annotations

Branches:
Dungeon (9/15)             Temple (1/1) D:5             Orc (0/2) D:9
  Sewer (visited)
   Lair: D:8-11

Altars:
Dithmenos
Elyvilon
Fedhas
Gozag
Kikubaaqudgha
Nemelex Xobeh
Okawaru
Qazlal
Ru
Sif Muna
Trog
Uskayaw
Vehumet
Wu Jian
Xom
Zin
The Shining One
Ignis

Shops:
D:2 (   D:6 (   D:8 :


Innate Abilities, Weirdness & Mutations

You have a pair of horns on your head.
You reflexively headbutt those who attack you in melee.


Message History

The yak barely misses you.
The yak snorts and paws the ground.
The yak attacks as you move away! The yak barely misses you.
You furiously retaliate!
You headbutt the yak. The yak attacks as you move away!
The yak gores you but does no damage. The yak attacks as you move away!
The yak gores you but does no damage. The yak attacks as you move away!
The yak gores you but does no damage. The yak gores you!
* * * LOW HITPOINT WARNING * * *
The yak attacks as you move away! The yak gores you!
* * * LOW HITPOINT WARNING * * *
The yak attacks as you move away! The yak gores you but does no damage.
The yak attacks as you move away! The yak barely misses you.
The yak attacks as you move away! The yak gores you.
* * * LOW HITPOINT WARNING * * *
The yak attacks as you move away! The yak gores you.
* * * LOW HITPOINT WARNING * * *
You feel protected. The yak closely misses you.
You hit the yak.
The yak is moderately wounded.
You hit the yak. Your headbutt misses the yak.
The yak is moderately wounded.
The yak gores you but does no damage. The yak gores you.
* * * LOW HITPOINT WARNING * * *
You hit the yak. You headbutt the yak.
The yak is heavily wounded.
The yak barely misses you. The yak gores you but does no damage.
The yak barely misses you. You furiously retaliate!
You headbutt the yak. You slash the yak!
The yak is almost dead.
The yak gores you.
* * * LOW HITPOINT WARNING * * *
The yak gores you but does no damage. The yak closely misses you.
You slash the yak!
You kill the yak!
The yak completely misses you. You block the yak's attack. The yak gores you!
You die...
Your body crumbles into a pile of gold.

.......# #...# .......# #...#
######## .......# #...# #.......
.......############...####.......
.........................<.......
.............)..................^
.............)))........########.
........................#......#.
...............Y@...####...#####.
...............Y....#....8....##.
........####'#####..#.........##.
........#........#..#.........##.
#.......#........#..#.........##.
#.......#........#...............
#.......#........#...............
#.......#........#...8...>...8...
........#........#.............>.


You could see 2 yaks.

Vanquished Creatures
  Pikel (D:5)
  A gargoyle (D:7)
  Prince Ribbit (D:8)
  A shadow (D:9)
  2 wyverns
  7 yaks (D:9)
  A two-headed ogre zombie (D:9)
  3 water moccasins
  Duvessa (D:5)
  A sky beast (D:6)
  An ice beast (D:4)
  2 orc warriors
  7 centaurs
  2 ogres
  4 phantoms
  2 kobold brigands
  3 bullfrogs
  2 scorpions
  A gnoll sergeant (D:9)
  11 wights
  3 troll zombies (D:9)
  Dowan (D:5)
  3 vampire bats (D:3)
  2 jellies
  A howler monkey (D:5)
  4 hounds
  2 orc priests
  3 gnoll boudas
  A sleepcap (D:7)
  Jessica (D:2)
  2 iguanas
  4 orc wizards
  4 ogre zombies (D:9)
  Robin (D:4)
  3 adders (D:3)
  19 gnolls
  2 shadow imps
  4 ufetubi
  A dart slug (D:4)
  16 orcs
  3 bat skeletons (D:3)
  3 bat zombies (D:3)
  8 endoplasms
  8 giant cockroaches
  14 goblins
  12 hobgoblins
  11 jackals
  3 quokkas
  9 ball pythons
  4 bats
  2 frilled lizards
  4 goblin zombies (D:9)
  A hobgoblin skeleton (D:9)
  5 hobgoblin zombies (D:9)
  14 kobolds
  4 orc skeletons (D:9)
  10 orc zombies (D:9)
  6 rats
252 creatures vanquished.

Vanquished Creatures (others)
  An orc wizard (D:7)
  3 plants (Temple)
4 creatures vanquished.

Grand Total: 256 creatures vanquished

Notes
Turn   | Place    | Note
-------+----------+-------------------------------------------
     0 | D:1      | trontxu the Minotaur Fighter began the quest for the Orb.
     0 | D:1      | Reached XP level 1. HP: 19/19 MP: 0/0
   135 | D:1      | Reached XP level 2. HP: 8/27 MP: 1/1
   370 | D:1      | Reached skill level 4 in Armour
   552 | D:1      | Reached XP level 3. HP: 33/33 MP: 2/2
   875 | D:2      | Noticed Jessica
   879 | D:2      | Killed Jessica
   918 | D:2      | Reached XP level 4. HP: 40/40 MP: 3/3
  1320 | D:2      | Found Jowuev's Weapon Shop.
  2016 | D:3      | Found an ancient bone altar of Kikubaaqudgha.
  2021 | D:3      | Reached XP level 5. HP: 46/47 MP: 4/4
  2025 | D:3      | Reached skill level 5 in Axes
  2025 | D:3      | Reached skill level 1 in Dodging
  2306 | D:3      | Reached XP level 6. HP: 53/53 MP: 5/5
  2382 | D:3      | Found a glowing drain.
  2401 | Sewer    | Entered a sewer
  3021 | D:3      | Identified the +1 sling of Uskayaw's Castigation {drain,
                  | rElec rPois Str+3 Dex+4}
  3097 | D:4      | Reached skill level 5 in Armour
  3195 | D:4      | Noticed Robin
  3209 | D:4      | Killed Robin
  3700 | D:4      | Noticed an ice beast
  3718 | D:4      | Killed an ice beast
  3719 | D:4      | Reached skill level 5 in Fighting
  3719 | D:4      | Reached XP level 7. HP: 61/61 MP: 6/6
  3913 | D:4      | Reached skill level 1 in Short Blades
  3969 | D:5      | Entered Level 5 of the Dungeon
  4082 | D:5      | Noticed Duvessa
  4083 | D:5      | Noticed Dowan
  4102 | D:5      | Killed Duvessa
  4107 | D:5      | Killed Dowan
  4109 | D:5      | Found a staircase to the Ecumenical Temple.
  4277 | Temple   | Entered the Ecumenical Temple
  4337 | Temple   | Became a worshipper of Gozag Ym Sagoz the Greedy
  4471 | D:5      | Reached skill level 6 in Armour
  4739 | D:5      | Reached skill level 1 in Stealth
  5188 | D:5      | Reached XP level 8. HP: 69/69 MP: 7/7
  5208 | D:5      | Noticed Pikel
  5216 | D:5      | Killed Pikel
  5217 | D:5      | Reached skill level 5 in Short Blades
  5217 | D:5      | Reached skill level 7 in Armour
  5217 | D:5      | Reached skill level 5 in Shields
  5683 | D:6      | Identified the +1 robe "Diesoal" {*Slow Will++ Regen+ SInv}
  5992 | D:6      | Reached XP level 9. HP: 59/75 MP: 8/8
  6064 | D:6      | Found a white marble altar of Elyvilon.
  6211 | D:6      | Found Ciumefry's Antique Weapon Boutique.
  6233 | D:6      | Reached skill level 8 in Armour
  6289 | D:6      | Bought a glowing war axe for 188 gold pieces
  6672 | D:6      | Found a shadowy altar of Dithmenos.
  6803 | D:7      | Found a blossoming altar of Fedhas.
  7130 | D:7      | Noticed a gargoyle
  7152 | D:7      | Killed a gargoyle
  7475 | D:7      | HP: 4/81 [kobold brigand/+0 short sword (1)]
  7480 | D:7      | Reached skill level 1 in Long Blades
  8048 | D:8      | Found Fullirob's Book Emporium.
  8056 | D:8      | Reached skill level 9 in Armour
  8354 | D:8      | Reached XP level 10. HP: 36/82 MP: 9/9
  8643 | D:8      | Noticed Prince Ribbit
  8662 | D:8      | Killed Prince Ribbit
  9165 | D:9      | Reached skill level 5 in Long Blades
  9302 | D:9      | Found an ornate altar of the Wu Jian Council.
  9618 | D:9      | Found a staircase to the Orcish Mines.
 10322 | D:9      | HP: 4/90 [yak (3)]
 10324 | D:9      | Slain by a yak

Illustrated notes

Levels and vault maps discovered:
D:1:      minmay_arrival_widening_spiral_wide, layout_loops_cross
D:2:      layout_basic, serial_shops, nicolae_shop_statue_plus, uniq_jessica
D:3:      layout_basic, kennysheep_vampire_church, portal_sewer_entry_f,
          hangedman_abyss_or_decor_lesser_grid, kennysheep_generic_room_13
D:4:      layout_gridville, kennysheep_donut, uniq_robin
D:5:      layout_loops_corners, minmay_temple_entry_slanted, st_stairs_10,
          uniq_pikel, uniq_duvessa
D:6:      layout_loops_corners, kennysheep_little_box,
          overflow_temple_1_default, serial_shops, shop
D:7:      layout_loops_ring, lemuel_crystal_altar
D:8:      layout_rooms, serial_shops, nicolae_shop_crystal, moated_statue,
          uniq_prince_ribbit1
D:9:      layout_irregular_city, nzn_wu_jian_contemplation,
          gammafunk_temple_overflow_claw, zombieorc2_lemuel
Temple:   ebering_untended_altars

Skill      XL: |  1  2  3  4  5  6  7  8  9 10 |
---------------+-------------------------------+-----
Fighting       | 4 5 6 8 |  8.4
Armour         | 4 5 6 7 9 |  9.7
Shields        | 4 5 |  5.9
Axes           | 3 4 5 6 8 |  8.3
Dodging        | 1 2 3 |  3.8
Short Blades   | 4 6 7 |  7.4
Stealth        | 1 |  1.2
Long Blades    | 2 8 |  8.7

Action                     |  1- 3 |  4- 6 |  7- 9 | 10-12 || total
---------------------------+-------+-------+-------+-------++-------
  Melee: War axe           |    71 |   123 |    42 |       ||   236
         Headbutt          |     5 |    21 |    75 |    62 ||   163
         Short sword       |       |    26 |   246 |       ||   272
         Long sword        |       |       |    88 |   244 ||   332
    Use: Scroll            |     2 |     3 |     4 |       ||     9
         Potion            |     1 |     4 |     4 |     3 ||    12
   Stab: Distracted        |       |       |       |     1 ||     1
 Armour: Scale mail        |    49 |    91 |   159 |   137 ||   436
  Dodge: Dodged            |    25 |    71 |   135 |   130 ||   361
  Block: Buckler           |    14 |    33 |    67 |    61 ||   175
